 Dungeon Crawl Stone Soup version 0.32-a0-872-g59262bdc9b (webtiles) character file.

Game seed: 8632868889526349955

34033 Uzeprotekshun the Basher (level 12, 0/110 HPs)
             Began as a Mountain Dwarf Monk on Mar 17, 2024.
             Was an Elder of Okawaru.
             Slain by a centaur warrior (6 damage)
             ... on level 13 of the Dungeon on Mar 30, 2024.
             The game lasted 02:18:00 (9921 turns).

Uzeprotekshun the Basher (Mountain Dwarf Monk)      Turns: 9921, Time: 02:18:00

Health: 0/110      AC: 21    Str: 19    XL:     12   Next: 77%
Magic:  12/20      EV: 13    Int: 11    God:    Okawaru [****..]
Gold:   945        SH: 16    Dex: 12    Spells: 16/21 levels left

rFire   + . .        F - +2 flail (heavy)
rCold   . . .        a - +0 tower shield
rNeg    . . .        H - +18 Lear's hauberk
rPois   +            (helmet currently unavailable)
rElec   .            (no cloak)
rCorr   .            (gloves currently unavailable)
SInv    +            (boots currently unavailable)
Will    ++...        G - amulet of the acrobat Stlth
                     c - ring "Yhaop" {rPois rF+ EV+5}
HPRegen 0.38/turn    f - ring of see invisible
MPRegen 0.17/turn

%: acrobat
@: brilliant, heroic, finesse-ful, corroded, enlightened
A: runic magic, artefact enchanting
a: Renounce Religion, Heroism, Finesse


You were on level 13 of the Dungeon.
You worshipped Okawaru.
Okawaru was greatly pleased with you.
You visited 2 branches of the dungeon, and saw 16 of its levels.

You collected 945 gold pieces.

Inventory:

Hand Weapons
 z - a +2 whip of venom
 F - a +2 heavy flail (weapon)
Missiles
 u - 2 poisoned darts (quivered)
 Q - a throwing net
 T - a javelin
Armour
 a - a +0 tower shield (worn)
 b - a +0 robe
 d - an orb of light
 h - +0 acid dragon scales
 j - a +1 leather armour of poison resistance
 q - a +0 pair of boots
 r - a +3 troll leather armour {Snorg}
 v - a +0 pair of gloves
 C - +0 steam dragon scales
 D - a +0 helmet
 H - the +18 Lear's hauberk (worn)
   (You found it on level 11 of the Dungeon)
 S - the +7 plate armour of a Labyrinth {rCorr Int+3}
   (You found it on level 11 of the Dungeon)

   Int+3:     It affects your intelligence (+3).
   rCorr:     It protects you from acid and corrosion.
Magical Staves
 g - the staff "Seuwiun" {rF+ rCorr Str+3 Fire}
   (You found it on level 11 of the Dungeon)

   [staff of fire]

   Base accuracy: +5 Base damage: 5 Base attack delay: 1.2 This weapon's minimum
   attack delay (0.6) is reached at skill level 12.
   Str+3:     It affects your strength (+3).
   rF+:       It protects you from fire.
   rCorr:     It protects you from acid and corrosion.
   Fire:      It increases the power of your Fire spells.
   It falls into the 'Staves' category.
   It is a one-handed weapon.
Jewellery
 c - the ring "Yhaop" (left hand) {rPois rF+ EV+5}
   (You acquired it on level 13 of the Dungeon)

   [ring of evasion]

   EV+5:      It affects your evasion (+5).
   rF+:       It protects you from fire.
   rPois:     It protects you from poison.
 f - a ring of see invisible (right hand)
 l - a +4 ring of slaying
 w - a ring of willpower
 G - an amulet of the acrobat (around neck)
 K - a ring of magical power
 P - a ring of ice
Wands
 t - a wand of digging (6)
 y - a wand of flame (28)
 R - a wand of polymorph (5)
 U - a wand of acid (5)
Scrolls
 e - 3 scrolls of amnesia {unknown}
 m - 3 scrolls of butterflies
 p - a scroll of revelation
 x - 2 scrolls of fog
 A - 3 scrolls of immolation {unknown}
 M - a scroll of vulnerability
 V - a scroll of enchant armour {unknown}
Potions
 n - a potion of enlightenment
 o - 4 potions of attraction
 B - a potion of mutation
 E - a potion of lignification {unknown}
 I - 2 potions of magic
 J - 2 potions of degeneration
 O - a potion of might


   Skills:
 - Level 11.4(16.4) Fighting
 - Level 14.0(19.0) Maces & Flails
 - Level 6.6(11.6) Dodging
 - Level 6.4(11.4) Shields
 - Level 5.4 Spellcasting
 - Level 5.0 Conjurations
 + Level 5.3 Translocations
 - Level 7.0 Invocations


You had 16 spell levels left.
You knew the following spells:

 Your Spells              Type           Power      Damage    Failure   Level
a - Searing Ray           Conj           42%        2d6       26%         2
b - Magic Dart            Conj           84%        1d7       19%         1
c - Blink                 Tloc           44%        N/A       24%         2

Your spell library contained the following spells:

 Spells                   Type           Power      Damage    Failure   Level
 Fulminant Prism          Conj/Alch      6%         3d6       99%         4
 Call Imp                 Summ           Unusable   N/A       N/A         2

Dungeon Overview and Level Annotations

Branches:
Dungeon (15/15)            Temple (1/1) D:5             Orc (0/2) D:12
 Vaults (0/5) D:13         Depths (0/4) D:15
   Lair: D:8-11

Altars:
Ashenzari
Cheibriados
Dithmenos
Elyvilon
Fedhas
Gozag
Hepliaklqana
Kikubaaqudgha
Makhleb
Nemelex Xobeh
Okawaru
Qazlal
Ru
Sif Muna
Trog
Uskayaw
Vehumet
Wu Jian
Xom
Yredelemnul
Zin
The Shining One
Jiyva

Shops:
D:6 =   D:7 (   D:8 :

Annotations:
D:13 1 runed translucent door


Innate Abilities, Weirdness & Mutations

Your spellcasting is much less encumbered by armour.
You can use scrolls of enchantment on lesser artefacts.


Message History

The eight-headed hydra bites you but does no damage.
Unknown command.
Blink to where?
Press: ? - help, Dir - move target
Found 9 gold pieces.
As you read the scroll of blinking, it crumbles to dust.
The brown ugly thing basks in the mutagenic energy from its kin and changes!
Unknown command.
Your resistance to elements expires.
The acid dragon attacks as it pursues you!
The acid dragon closely misses you. You block the acid dragon's attack.
The acid dragon spits acid at you. The splash of acid hits you!
* * * LOW HITPOINT WARNING * * *
The acid corrodes you!
Okay, then.
Blink to where?
Press: ? - help, Dir - move target
As you read the scroll of blinking, it crumbles to dust.
Your magical contamination has completely faded away.
You are starting to lose your buoyancy.
You float gracefully downwards.
A slime creature and a centaur warrior come into view.
The centaur warrior shouts!
A slime creature comes into view.
Okay, then.
Okay, then.
You gain the combat prowess of a mighty hero.
Okay, then.
Okay, then.
Casting: Blink (mildly dangerous; 24% risk of failure)
Confirm with . or Enter, or press ? or * to list all spells.
Okay, then.
Okay, then.
Okay, then.
Okay, then.
It was a potion of brilliance.
You feel clever all of a sudden. The centaur warrior hits you.
You die...

#.###+########..##.####..##.##
#.###.######ß.#$#.#..####.#..#
#.##.#####ß...#.###c.u.##.#..#
#.######ß....ß#..DDc.....##...
.###.# #ß....~c.#§###u...####..#
.....# ....~ß.uß#.#.#..### #..#
.###.####ß....~D.#.##.### #.##
.# #....###ß....ß#..### #. .#
###....###ß..@#### #.
.#####...(..###ßc# #.
.......##.#...###..c.J.J #.
#.####.###.#....####.#.# # #.#
##.####..##....### #. ##
.y###...####...###...### .# .
..y...........######÷..### D##.#
#.##.....####.##.....>...###$#.#
#.##..##.# #....###.##........#


You could see an eight-headed hydra, a white ugly thing and 2 centaur warriors.

Vanquished Creatures
  Snorg (D:13)
  An ettin (D:15)
  Josephine (D:13)
  A catoblepas (D:13)
  2 hydras (D:13)
  2 centaur warriors
  A two-headed ogre (D:14)
  A tengu warrior (D:15)
  A boulder beetle (D:13)
  An occultist (D:13)
  Pikel (D:8)
  A deep troll (D:15)
  A cyclops (D:13)
  2 manticores
  A gargoyle (D:13)
  3 unseen horrors
  A rime drake (shapeshifter) (D:13)
  2 rime drakes (D:11)
  A kobold demonologist (D:11)
  A freezing wraith (D:14)
  A tengu conjurer (D:15)
  A troll (D:10)
  A hornet (D:8)
  3 centaur simulacra (D:11)
  10 wraiths
  Grum (D:8)
  A vampire (D:10)
  16 yaks
  A steam dragon (D:6)
  A basilisk (D:14)
  4 vampire mosquitoes (D:11)
  4 acid dragons
  A hell hound (D:14)
  2 orc warriors
  9 ice beasts
  2 sky beasts
  3 laughing skulls
  A black bear (D:5)
  2 wolves (D:8)
  9 centaurs
  4 lemures
  2 phantoms (D:6)
  A kobold brigand (D:7)
  8 bullfrogs
  2 scorpions
  5 wights
  26 killer bees
  5 howler monkeys
  2 bombardier beetles
  6 jellies
  2 orc priests
  4 hounds
  3 gnoll boudas
  6 sleepcaps
  An iguana (D:5)
  3 orc wizards
  5 adders
  12 gnolls
  2 shadow imps
  2 white imps
  A howler monkey simulacrum (D:11)
  5 ufetubi
  3 dart slugs
  4 ribbon worms
  20 orcs
  9 ball pythons
  4 endoplasms
  A giant cockroach (D:1)
  8 goblins
  6 hobgoblins
  4 jackals (D:3)
  9 kobolds
  4 quokkas
  4 bats
  2 frilled lizards
  9 rats
293 creatures vanquished.

Vanquished Creatures (others)
  2 meliai (D:13)
2 creatures vanquished.

Grand Total: 295 creatures vanquished

Notes
Turn   | Place    | Note
-------+----------+-------------------------------------------
     0 | D:1      | Uzeprotekshun the Mountain Dwarf Monk began the quest for
                  | the Orb.
     0 | D:1      | Reached XP level 1. HP: 19/19 MP: 1/1
   276 | D:1      | Reached skill level 4 in Maces & Flails
   360 | D:1      | Reached XP level 2. HP: 25/26 MP: 2/2
   785 | D:2      | Reached skill level 5 in Maces & Flails
   931 | D:2      | Reached XP level 3. HP: 23/31 MP: 3/3
  1259 | D:2      | Found a glowing golden altar of the Shining One.
  1339 | D:2      | Found a faded altar of an unknown god.
  1389 | D:2      | Reached skill level 6 in Maces & Flails
  1389 | D:2      | Reached XP level 4. HP: 36/38 MP: 4/4
  2172 | D:4      | Reached skill level 7 in Maces & Flails
  2172 | D:4      | Reached XP level 5. HP: 44/45 MP: 5/5
  2285 | D:4      | Noticed a moth of wrath
  2288 | D:4      | Found a bloodstained altar of Trog.
  2717 | D:4      | Reached skill level 8 in Maces & Flails
  2717 | D:4      | Reached XP level 6. HP: 47/51 MP: 6/6
  2774 | D:5      | Entered Level 5 of the Dungeon
  2911 | D:4      | Reached skill level 5 in Fighting
  3062 | D:6      | Reached XP level 7. HP: 61/61 MP: 7/7
  3280 | D:6      | Reached XP level 8. HP: 69/69 MP: 8/8
  3298 | D:6      | Reached skill level 9 in Maces & Flails
  3489 | D:6      | Reached skill level 10 in Maces & Flails
  3620 | D:6      | Found Tuduasm's Jewellery Emporium.
  3748 | D:7      | Found a white marble altar of Elyvilon.
  3779 | D:7      | Reached skill level 11 in Maces & Flails
  3833 | D:7      | Found a shimmering blue altar of Sif Muna.
  3837 | D:7      | Found an iron altar of Okawaru.
  3952 | D:7      | Reached skill level 12 in Maces & Flails
  3963 | D:7      | Found Zagouj's Weapon Shoppe.
  3995 | D:7      | Found an opulent altar of Gozag.
  3995 | D:7      | Found a basalt altar of Yredelemnul.
  4060 | D:7      | Reached XP level 9. HP: 74/74 MP: 9/9
  4169 | D:8      | Noticed Grum
  4270 | D:8      | Killed Grum
  4405 | D:7      | Found a hazy altar of Hepliaklqana.
  4803 | D:5      | Found a staircase to the Ecumenical Temple.
  4810 | Temple   | Entered the Ecumenical Temple
  4944 | D:7      | Became a worshipper of Warmaster Okawaru
  4944 | D:7      | Reached * piety under Okawaru
  4944 | D:7      | Reached ** piety under Okawaru
  4996 | D:8      | Found Kakhi's Book Shop.
  5006 | D:8      | Upgraded the game from 0.32-a0-747-gc8563f6773 to
                  | 0.32-a0-768-g0f6f1dd4b9
  5009 | D:8      | Found a stormy altar of Qazlal.
  5211 | D:8      | Noticed Pikel
  5212 | D:8      | Found a viscous altar of Jiyva.
  5266 | D:8      | HP: 3/84 [Pikel/+1 whip of freezing (2)]
  5501 | D:8      | Killed Pikel
  5501 | D:8      | Reached *** piety under Okawaru
  5502 | D:8      | Reached skill level 10 in Fighting
  5510 | D:8      | Upgraded the game from 0.32-a0-768-g0f6f1dd4b9 to
                  | 0.32-a0-871-ge202e49faa
  5563 | D:8      | Identified a scroll of acquirement
  5719 | D:8      | Reached XP level 10. HP: 86/93 MP: 10/10
  5880 | D:8      | Learned a level 2 spell: Searing Ray
  5923 | D:8      | Reached skill level 1 in Conjurations
  6107 | D:8      | Reached skill level 1 in Spellcasting
  6120 | D:9      | Found a blossoming altar of Fedhas.
  6231 | D:8      | You fall into a shaft and drop 1 floor!
  6280 | D:9      | Reached skill level 1 in Invocations
  6477 | D:9      | Reached skill level 5 in Invocations
  6505 | D:9      | Found an ancient bone altar of Kikubaaqudgha.
  6610 | D:10     | Entered Level 10 of the Dungeon
  6717 | D:10     | Reached skill level 5 in Dodging
  6760 | D:10     | Reached **** piety under Okawaru
  7001 | D:10     | Found a snail-covered altar of Cheibriados.
  7132 | D:11     | Reached XP level 11. HP: 83/101 MP: 7/16
  7171 | D:11     | Reached skill level 13 in Maces & Flails
  7485 | D:11     | Identified the staff "Seuwiun" {rF+ rCorr Str+3 Fire}
  7518 | D:11     | Reached skill level 14 in Maces & Flails
  7527 | D:11     | Noticed a death yak
  7648 | D:11     | Found the +18 Lear's hauberk
  7651 | D:11     | Reached ***** piety under Okawaru
  7697 | D:11     | Found a frozen archway.
  7786 | D:11     | Identified the +7 plate armour of a Labyrinth {rCorr Int+3}
  7819 | D:12     | Found a staircase to the Orcish Mines.
  7892 | D:13     | Received a gift from Okawaru
  7894 | D:13     | Acquired the ring "Yhaop" {rPois rF+ EV+5}
  7970 | D:13     | Noticed a boulder beetle
  7986 | D:13     | Killed a boulder beetle
  7990 | D:13     | Learned a level 1 spell: Magic Dart
  8059 | D:13     | Noticed a catoblepas
  8259 | D:14     | Noticed a centaur warrior
  8281 | D:14     | Killed a centaur warrior
  8354 | D:13     | Killed a catoblepas
  8362 | D:13     | Reached XP level 12. HP: 93/110 MP: 12/19
  8385 | D:15     | Entered Level 15 of the Dungeon
  8385 | D:15     | Noticed a two-headed ogre
  8391 | D:15     | Noticed a two-headed ogre
  8392 | D:15     | Noticed a two-headed ogre
  8392 | D:15     | Noticed a two-headed ogre
  8402 | D:14     | Killed a two-headed ogre
  8403 | D:14     | Reached skill level 5 in Spellcasting
  8430 | D:15     | Noticed a centaur warrior
  8437 | D:15     | Killed a centaur warrior
  8438 | D:15     | Reached skill level 5 in Conjurations
  8526 | D:15     | Found a hide-covered altar of Uskayaw.
  8553 | D:15     | Noticed a tengu warrior
  8555 | D:15     | Noticed an ettin
  8558 | D:15     | Reached skill level 1 in Shields
  8561 | D:15     | Killed a tengu warrior
  8564 | D:15     | Killed an ettin
  8579 | D:15     | Found a staircase to the Depths.
  8583 | D:15     | Got a smoky gem with 615 turns to spare
  8598 | D:15     | Noticed a two-headed ogre
  8880 | D:14     | Reached skill level 5 in Shields
  8896 | D:14     | Upgraded the game from 0.32-a0-871-ge202e49faa to
                  | 0.32-a0-872-g59262bdc9b
  9062 | D:13     | Learned a level 2 spell: Blink
  9073 | D:13     | Noticed Snorg
  9082 | D:13     | Killed Snorg
  9083 | D:13     | Reached skill level 1 in Translocations
  9114 | D:13     | Noticed Josephine
  9134 | D:13     | Killed Josephine
  9199 | D:13     | Found a gate to the Vaults.
  9545 | D:13     | Found a runed translucent door.
  9545 | D:13     | Found a runed translucent door.
  9545 | D:13     | Found a runed translucent door.
  9545 | D:13     | Noticed an entropy weaver
  9545 | D:13     | Noticed a boulder beetle
  9545 | D:13     | Noticed a four-headed hydra
  9545 | D:13     | Noticed a five-headed hydra
  9545 | D:13     | Noticed a fire giant
  9545 | D:13     | Noticed a centaur warrior
  9545 | D:13     | Noticed a catoblepas
  9545 | D:13     | Noticed a yaktaur captain
  9588 | D:13     | an entropy weaver changed into something unseen
  9595 | D:13     | Noticed an entropy weaver
  9658 | D:13     | an entropy weaver changed into a goblin
  9661 | D:13     | a goblin changed into an entropy weaver
  9661 | D:13     | Noticed an entropy weaver (shapeshifter)
  9698 | D:13     | an entropy weaver changed into a cane toad
  9806 | D:13     | Noticed a centaur warrior
  9806 | D:13     | Noticed a six-headed hydra
  9847 | D:13     | Killed a six-headed hydra
  9859 | D:13     | Killed a five-headed hydra
  9860 | D:13     | Reached skill level 5 in Translocations
  9889 | D:13     | Noticed a two-headed ogre
  9900 | D:13     | Noticed an eight-headed hydra
  9900 | D:13     | Noticed a centaur warrior
  9908 | D:13     | HP: 1/110 [acid dragon/splash of acid (14)]
  9918 | D:13     | Noticed a centaur warrior
  9921 | D:13     | Slain by a centaur warrior

Illustrated notes

Levels and vault maps discovered:
D:1:      lemuel_arrival_funnel, layout_basic, minmay_three_crescents
D:2:      layout_basic, basic_altar, shapermc_ecumenical_altar_mp_ritualfount,
          minmay_diced_spiral
D:3:      layout_basic
D:4:      layout_basic, tgw_trog, minivault_11
D:5:      layout_cave_pools, minmay_temple_entry_gardened_gates,
          chequers_serial_rivers_room_b, blue_anna_alchemist,
          minmay_chambers_of_fives
D:6:      layout_loops_ring, serial_shops, nicolae_shop_tiny_glass
D:7:      layout_basic, elyvilon_altar_1, grunt_temple_overflow_open,
          kennysheep_little_box, mainiacjoe_overflow_divided_tiny, serial_shops,
          shop, corexii_corridor_pit
D:8:      layout_loops_cross, lemuel_crystal_altar, serial_shops,
          nicolae_book_shop_shelving, jiyva_altar_1, uniq_grum, uniq_pikel
D:9:      layout_rooms, mainiacjoe_overflow_chevrons,
          mainiacjoe_overflow_small_starburst
D:10:     layout_gridville, cheibrodos_worm_habitat
D:11:     layout_roguey, lair_entry_dummy, serial_ice, serial_ice_f,
          serial_ice_m, serial_ice_b, serial_ice_i, serial_ice_o,
          portal_ice_cave_rime
D:12:     layout_long_grid, orc_0_dummy
D:13:     minmay_the_grid_triangle_9x9_rhombus_full
          [minmay_the_grid_triangle_9x9_shrine,
          minmay_the_grid_triangle_9x9_fully_insulated_deathbox,
          minmay_the_grid_triangle_9x9_skeleton,
          minmay_the_grid_triangle_9x9_warning,
          minmay_the_grid_triangle_9x9_dagger,
          minmay_the_grid_triangle_9x9_zippers_vertical,
          minmay_the_grid_triangle_9x9_corruption,
          minmay_the_grid_triangle_9x9_prize_top_heavy], layout_loops_ring,
          lemuel_nasty_fountain, uniq_snorg, uniq_josephine
D:14:     layout_irregular_city, minmay_holes, corexii_hall_statues_i,
          uniq_azrael
D:15:     hangedman_depths_entry_civil_slaughter, layout_basic,
          dk_noncrumbling_3, dancing_weapons_uskayaw, uniq_jorgrun
Temple:   pf_slime_end_temple

Skill      XL: |  1  2  3  4  5  6  7  8  9 10 11 12 |
---------------+-------------------------------------+-----
Maces & Flails | 4 5 6 7 8 12 14 | 14.0
Fighting       | 5 10 11 | 11.4
Dodging        | 4 6 |  6.6
Conjurations   | 3 4 5 |  5.0
Spellcasting   | 1 4 5 |  5.4
Invocations    | 7 |  7.0
Shields        | 6 |  6.4
Translocations | 5 |  5.3

Action                     |  1- 3 |  4- 6 |  7- 9 | 10-12 || total
---------------------------+-------+-------+-------+-------++-------
  Melee: Mace              |    86 |   140 |       |       ||   226
         Whip              |       |    13 |   321 |   125 ||   459
         Flail             |       |       |       |   276 ||   276
  Throw: Dart              |       |       |       |    10 ||    10
   Cast: Searing Ray       |       |       |       |    31 ||    31
         Magic Dart        |       |       |       |     4 ||     4
         Blink             |       |       |       |     2 ||     2
 Invoke: Heroism           |       |       |       |    17 ||    17
         Finesse           |       |       |       |     6 ||     6
  Evoke: Wand              |       |       |       |     4 ||     4
    Use: Potion            |       |     2 |     3 |    12 ||    17
         Scroll            |       |       |     8 |    25 ||    33
   Stab: Distracted        |       |     1 |       |       ||     1
         Petrified         |       |       |       |     1 ||     1
 Armour: Leather armour    |    68 |    91 |   143 |   164 ||   466
         Robe              |     1 |       |       |       ||     1
         Chain mail        |       |       |       |   212 ||   212
  Dodge: Dodged            |    44 |    90 |   139 |   445 ||   718
  Block: Tower shield      |       |       |       |   158 ||   158

Table legend: (Time is in decaauts)
 A = Elapsed time spent in this place.
 B = Non-inter-level travel time spent in this place.
 C = Inter-level travel time spent in this place.
 D = Time resting spent in this place.
 E = Time spent auto-exploring this place.
 F = Levels seen in this place.
 G = Mean time per level.
                   A        B        C        D        E       F      G
               +--------+--------+--------+--------+--------+-----+--------+
         Total |   9734 |   8401 |   1333 |    646 |    415 |  16 |  608.4 |
       Dungeon |   9733 |   8401 |   1332 |    646 |    415 |  15 |  648.9 |
        Temple |      1 |      0 |      1 |      0 |      0 |   1 |    1.0 |
               +--------+--------+--------+--------+--------+-----+--------+

Top non-repeatable levels by time:
     D:8: 1172 daAuts
    D:13: 914 daAuts
     D:7: 879 daAuts
     D:2: 810 daAuts
     D:6: 783 daAuts
     D:1: 767 daAuts
     D:4: 760 daAuts
    D:14: 677 daAuts
    D:11: 631 daAuts
    D:10: 542 daAuts
     D:3: 488 daAuts
     D:5: 433 daAuts
    D:12: 364 daAuts
     D:9: 322 daAuts
    D:15: 184 daAuts
